 Dungeon Crawl Stone Soup version 0.30.0-15-g856e2d3f33 (webtiles) character file.

Game seed: 17915680980589194962

727 Leibowitz the Stinger (level 7, -2/56 HPs)
             Began as a Naga Venom Mage on May 19, 2023.
             Slain by an ice beast (9 damage)
             ... on level 5 of the Dungeon.
             The game lasted 00:24:15 (5230 turns).

Leibowitz the Stinger (Naga Venom Mage)             Turns: 5230, Time: 00:24:16

Health: -2/56      AC:  5    Str: 11    XL:     7   Next: 72%
Magic:  14/14      EV: 10    Int: 17    God:
Gold:   276        SH:  0    Dex: 11    Spells: 8/16 levels left

rFire   . . .        e - +3 dagger (venom)
rCold   . . .        (no shield)
rNeg    . . .        a - +0 robe
rPois   +            k - +1 hat
rElec   .            n - +0 cloak
rCorr   .            (no gloves)
SInv    +            (no barding)
Will    .....        l - amulet of magic regeneration
Stlth   +++          t - ring of wizardry
HPRegen 0.29/turn    (no ring)
MPRegen 0.54/turn

%: wizardry (x1)
@: very slow
A: AC +2, large, see invisible, deformed body, poison resistance, slowness 2,
spit poison 1, naga tail 1
a: Spit Poison


You were on level 5 of the Dungeon.
You visited 1 branch of the dungeon, and saw 5 of its levels.

You collected 276 gold pieces.

Inventory:

Hand Weapons
 e - a +3 dagger of venom (weapon)
 r - the +4 dagger of the Vaults {pain, rC+}
   (You found it on level 2 of the Dungeon)

   rC:        It protects you from cold.
Armour
 a - a +0 robe (worn)
 k - a +1 hat (worn)
 n - a +0 cloak (worn)
Jewellery
 l - an amulet of magic regeneration (around neck)
 t - a ring of wizardry (left hand)
Wands
 y - a wand of paralysis (4)
Scrolls
 c - 2 scrolls of enchant armour {unknown}
 f - 2 scrolls of blinking {unknown}
 g - 2 scrolls of fear {unknown}
 j - 2 scrolls of teleportation {unknown}
 m - a scroll of noise {unknown}
 o - a scroll of poison {unknown}
 p - 4 scrolls of identify {unknown}
 u - a scroll of enchant weapon {unknown}
 v - a scroll of vulnerability {unknown}
Potions
 b - 3 potions of magic
 d - a potion of berserk rage {unknown}
 h - a potion of curing {unknown}
 i - a potion of brilliance {unknown}
 q - a potion of lignification
 s - a potion of heal wounds {unknown}
 w - a potion of might {unknown}
 x - a potion of flight {unknown}
 z - a potion of ambrosia {unknown}


   Skills:
 + Level 0.3 Fighting
 + Level 1.0 Short Blades
 + Level 1.8 Dodging
 * Level 5.5 Stealth
 * Level 5.2 Spellcasting
 + Level 0.8 Necromancy
 + Level 1.4 Transmutations
 + Level 1.7 Air Magic
 * Level 6.9 Poison Magic


You had 8 spell levels left.
You knew the following spells:

 Your Spells              Type           Power      Damage    Failure   Level
a - Sting                 Tmut/Pois      72%        1d6       1%          1
b - Poisonous Vapours     Pois/Air       38%        N/A       1%          2
c - Necrotise             Necr           28%        1d5       4%          1
d - Olgreb's Toxic Radia  Pois           27%        N/A       3%          4

Your spell library contained the following spells:

 Spells                   Type           Power      Damage    Failure   Level
 Mephitic Cloud           Conj/Pois/Air  14%        N/A       5%          3
 Apportation              Tloc           8%         N/A       6%          1
 Summon Small Mammal      Summ           16%        N/A       6%          1
 Vampiric Draining        Necr           7%         2d6       12%         3
 Animate Armour           Summ/Erth      8%         N/A       45%         4
 Blade Hands              Tmut           4%         N/A       61%         5
 Agony                    Necr           7%         N/A       69%         5
 Iron Shot                Conj/Erth      2%         9d2       100%        6


Dungeon Overview and Level Annotations

Branches:
Dungeon (5/15)
 Temple: D:4-7

Altars:

Shops:
D:3 *


Innate Abilities, Weirdness & Mutations

Your serpentine skin is tough. (AC +2)
You have supernaturally acute eyesight. (SInv)
Armour fits poorly on your strangely shaped body.
Your system is resistant to poisons. (rPois)
You cover ground very slowly.
You can spit poison.
You have a snake-like lower body.


Message History

Casting: Sting (safe; 1% risk of failure)
Confirm with . or Enter, or press ? or * to list all spells.
Aiming: Sting (safe; 1% risk of failure)
Press: ? - help, Shift-Dir - straight line, f/p - ice beast
Aim: an ice beast (74% to hit)
The sting hits the ice beast.
The ice beast is poisoned.
The ice beast is lightly wounded.
You closely miss the ice beast.
The ice beast is lightly wounded.
The ice beast hits you. The ice beast freezes you!
You closely miss the ice beast.
The ice beast is lightly wounded.
The ice beast hits you. The ice beast freezes you!
You hit the ice beast.
The ice beast is lightly wounded.
The ice beast closely misses you.
You barely miss the ice beast.
The ice beast is moderately wounded.
The ice beast barely misses you.
You hit the ice beast.
The ice beast looks even sicker.
The ice beast is moderately wounded.
The ice beast hits you but does no damage.
You barely miss the ice beast.
The ice beast is heavily wounded.
The ice beast hits you but does no damage.
You barely miss the ice beast.
The ice beast is heavily wounded.
The ice beast barely misses you.
You hit the ice beast.
The ice beast is heavily wounded.
You hit the ice beast but do no damage.
The ice beast is heavily wounded.
The ice beast hits you. The ice beast freezes you!
* * * LOW HITPOINT WARNING * * *
You hit the ice beast.
The ice beast is severely wounded.
The ice beast hits you.
* * * LOW HITPOINT WARNING * * *
The ice beast freezes you!
You die...

########## ###
#....†<..# ##.##
#.######.###.#.##
....###.##.###.##
..........## ##.#
.##.###.##.###.##
#.###@#.## #.#
##Y## #.#
#........ #..
....##### ##.
##...# . .....
...... ......#
##......


You could see an ice beast (very poisoned).

Vanquished Creatures
  Eustachio (D:4)
  Edmund (D:4)
  A scorpion (D:4)
  2 hounds
  A sleepcap (D:4)
  Natasha (thrice) (D:2)
  Ijyb (D:4)
  4 gnolls (D:4)
  9 adders
  2 adder zombies (D:2)
  2 dart slugs (D:1)
  An orc (D:3)
  6 ball pythons
  A bat skeleton (D:2)
  7 endoplasms
  8 giant cockroaches
  11 goblins
  14 hobgoblins
  10 kobolds
  4 quokkas
  6 bats
  A bat simulacrum (D:2)
  A quokka skeleton (D:2)
  3 rats
  A spectral ball python (D:2)
101 creatures vanquished.

Notes
Turn   | Place    | Note
-------+----------+-------------------------------------------
     0 | D:1      | Leibowitz the Naga Venom Mage began the quest for the Orb.
     0 | D:1      | Reached XP level 1. HP: 15/15 MP: 3/3
   214 | D:1      | Reached XP level 2. HP: 22/22 MP: 3/5
   590 | D:1      | Learned a level 2 spell: Poisonous Vapours
   602 | D:1      | Reached XP level 3. HP: 28/28 MP: 4/6
  1902 | D:2      | Reached XP level 4. HP: 29/36 MP: 5/8
  2104 | D:2      | Noticed Natasha
  2114 | D:2      | Killed Natasha
  2115 | D:2      | Reached skill level 5 in Poison Magic
  2307 | D:2      | Noticed Natasha
  2319 | D:2      | Killed Natasha
  2320 | D:2      | Reached skill level 1 in Short Blades
  2320 | D:2      | Reached XP level 5. HP: 29/42 MP: 4/9
  2539 | D:2      | Noticed Natasha
  2546 | D:2      | Killed Natasha
  2766 | D:2      | Identified the +4 dagger of the Vaults {pain, rC+}
  2774 | D:2      | Learned a level 1 spell: Necrotise
  2846 | D:3      | Found Ibun Icy's General Store.
  3165 | D:3      | Learned a level 4 spell: Olgreb's Toxic Radiance
  3257 | D:3      | Reached skill level 1 in Air Magic
  4097 | D:4      | Reached XP level 6. HP: 42/49 MP: 11/11
  4358 | D:4      | Noticed Edmund
  4383 | D:4      | Killed Edmund
  4384 | D:4      | Reached skill level 5 in Stealth
  4384 | D:4      | Reached skill level 6 in Poison Magic
  4384 | D:4      | Reached XP level 7. HP: 28/55 MP: 10/13
  4710 | D:4      | Noticed Eustachio
  4723 | D:4      | Killed Eustachio
  4724 | D:4      | Reached skill level 5 in Spellcasting
  5013 | D:4      | Noticed Ijyb
  5022 | D:4      | Killed Ijyb
  5164 | D:5      | Entered Level 5 of the Dungeon
  5230 | D:5      | Slain by an ice beast

Illustrated notes

Levels and vault maps discovered:
D:1:      dpeg_arrival_boxes_within_box, layout_basic, serial_forest,
          infiniplex_forest_clump_small, infiniplex_forest_lined_corner,
          infiniplex_forest_clump_medium, infiniplex_forest_end_3,
          infiniplex_forest_straight_3, minmay_nonomino_d4
D:2:      minmay_razor_zed, layout_basic, dilly_guarded_unrand_morg
D:3:      layout_basic, serial_shops, shop, minmay_misc_feat_chi,
          chequers_decorated_corner, kennysheep_generic_room_15
D:4:      layout_basic, uniq_eustachio, uniq_edmund, uniq_ijyb
D:5:      layout_loops_ring, grunt_decor_clamped, nicolae_alphabet_shops

Skill      XL: |  1  2  3  4  5  6  7 |
---------------+----------------------+-----
Stealth        | 4 5 |  5.5
Poison Magic   | 5 6 |  6.9
Spellcasting   | 3 4 5 |  5.2
Short Blades   | 1 |  1.0
Air Magic      | 1 |  1.7
Fighting       | |  0.3
Dodging        | |  1.8
Necromancy     | |  0.8
Transmutations | |  1.4

Action                     |  1- 3 |  4- 6 |  7- 9 || total
---------------------------+-------+-------+-------++-------
  Melee: Unarmed           |     1 |       |       ||     1
         Dagger            |    27 |    80 |    35 ||   142
         Punch             |       |     2 |       ||     2
   Cast: Sting             |    31 |    28 |     5 ||    64
         Poisonous Vapours |    25 |    50 |    19 ||    94
         Necrotise         |       |    21 |     3 ||    24
         Olgreb's Toxic Ra |       |     2 |     2 ||     4
    Use: Potion            |       |       |     1 ||     1
   Stab: Sleeping          |     1 |     5 |     1 ||     7
 Armour: Robe              |     6 |    25 |    17 ||    48
  Dodge: Dodged            |    13 |    52 |    19 ||    84
